 Dungeon Crawl Stone Soup version 0.20.1-1-g8b1a95d (webtiles) character file.

119 Fonzie49 the Ducker (level 4, 44/44 HPs)
             Began as a Troll Fighter on Sept 1, 2017.
             Got out of the dungeon alive.
             The game lasted 00:13:35 (1417 turns).

Fonzie49 the Ducker (Troll Fighter)                 Turns: 1417, Time: 00:13:35

Health: 44/44      AC:  5    Str: 29    XL:     4   Next: 73%
Magic:  3/3        EV:  8    Int:  4    God:
Gold:   81         SH:  9    Dex:  9    Spells: 3/3 levels left

rFire    . . .     SeeInvis .   a - +0 war axe
rCold    . . .     Gourm    +   c - +0 shield
rNeg     . . .     Faith    .   b - +0 robe
rPois    .         Spirit   .   (helmet restricted)
rElec    .         Reflect  .   (no cloak)
rCorr    .         Harm     .   (gloves unavailable)
MR       .....                  (boots unavailable)
Stlth    +.........             l - amulet of the gourmand
Regen    0.6/turn               (no ring)
MPRegen  0.1/turn               (no ring)

@: no status effects
A: unfitting armour, claws 3, blink, fast metabolism 3, gourmand, regeneration
1, shaggy fur 1, strong 2, tough skin 2
a: Blink


You escaped.
You were not hungry.

You visited 1 branch of the dungeon, and saw 3 of its levels.

You collected 81 gold pieces.

Inventory:

Hand Weapons
 a - a +0 war axe (weapon)
 q - a +0 dagger
Armour
 b - a +0 robe (worn)
 c - a +0 shield (worn)
Jewellery
 l - an amulet of the gourmand (around neck)
Wands
 p - a wand of random effects (13/48)
Scrolls
 d - a scroll of teleportation {unknown}
 g - 2 scrolls of remove curse {unknown}
 h - a scroll of fear {unknown}
 i - 4 scrolls of fog {unknown}
 m - a scroll of immolation {unknown}
 o - a scroll of identify {unknown}
Potions
 e - 2 potions of haste {unknown}
 k - 2 potions of agility {unknown}
 n - 2 potions of mutation
Comestibles
 f - a fruit


   Skills:
 + Level 2.8 Fighting
 + Level 2.8 Axes
 + Level 3.1 Dodging
 + Level 2.8 Shields


You had 3 spell levels left.
You didn't know any spells.

Dungeon Overview and Level Annotations

Branches:
Dungeon (3/15)

Altars:


Innate Abilities, Weirdness & Mutations

You are too large for most types of armour.
You have claws for hands.
Your metabolism is lightning-fast.
You like to eat raw meat.
Your natural rate of healing is unusually fast.
You are covered in fur. (AC +1)
You have very tough skin. (AC +2)
You can translocate small distances at will.
Your muscles are very strong. (Str +4)


Message History

You kill the bat!
You see here a bat corpse.
You see here a club.
There is an open door here.
There is an open door here.
There is a staircase leading out of the dungeon here.
You can't go down here!
There is a staircase leading out of the dungeon here.
Are you sure you want to leave the Dungeon?
This will make you lose the game! [Y]es or [N]o only, please.
Are you sure you want to leave the Dungeon?
This will make you lose the game! [Y]es or [N]o only, please.
Are you sure you want to leave the Dungeon?
This will make you lose the game! [Y]es or [N]o only, please.
Are you sure you want to leave the Dungeon?
This will make you lose the game!
Uppercase [Y]es or [N]o only, please.
Are you sure you want to leave the Dungeon?
This will make you lose the game!
Uppercase [Y]es or [N]o only, please.
Are you sure you want to leave the Dungeon?
This will make you lose the game!
You have escaped!

.........>..'....#.#+#####.......
..........###....................
..........# #.###..#.########....
..........###....................
##.#.............................
#.#.............................
##.#.#############...###.#...[#..
.....#..#.....#..#...............
##.#.#..###'###.@#...###.####.###
##.#.#..'.....'..#.....#.####+#
.....####..#..####.......... #
##.#.#....###....#...#.#.##! +
#.#.#.....#.....#...#.#.# # #
#.#.#.⌠.#.⌠.#.#.......# ..#
#.#.#.......#.#...#.#.##......
#.#.###...###.#.......##......
#.#...........#.....#.##......


There were no monsters in sight!

Vanquished Creatures
  8 adders (D:2)
  2 worms (D:2)
  5 bats
  2 giant cockroaches (D:2)
  4 goblins (D:2)
  6 hobgoblins
  4 jackals (D:2)
  7 ball pythons
  2 kobolds
  2 rats
42 creatures vanquished.

Notes
Turn   | Place    | Note
-------+----------+-------------------------------------------
     0 | D:1      | Fonzie49 the Troll Fighter began the quest for the Orb.
     0 | D:1      | Reached XP level 1. HP: 22/22 MP: 0/0
   381 | D:2      | Reached XP level 2. HP: 24/29 MP: 1/1
   518 | D:2      | Reached XP level 3. HP: 32/36 MP: 2/2
   816 | D:2      | Reached XP level 4. HP: 40/44 MP: 3/3
  1069 | D:2      | Reached skill level 3 in Dodging
  1228 | D:2      | HP: 2/44 [poisoned by an adder]
  1230 | D:2      | Gained mutation: Your muscles are strong. (Str +2) [potion of mutation]
  1230 | D:2      | Gained mutation: You can translocate small distances at will. [potion of mutation]
  1230 | D:2      | Gained mutation: Your muscles are very strong. (Str +4) [potion of mutation]
  1417 | D:$      | Got out of the dungeon alive.

Skill      XL: |  1  2  3  4 |
---------------+-------------+-----
Axes           | 2 |  2.8
Dodging        | 3 |  3.1
Fighting       | |  2.8
Shields        | |  2.8

Action                   |  1- 3 |  4- 6 || total
-------------------------+-------+-------++-------
Melee: War axe           |    87 |    83 ||   170
  Use: Potion            |       |     3 ||     3
  Eat: Bread ration      |     1 |     2 ||     3
Armor: Robe              |    48 |    73 ||   121
Dodge: Dodged            |    47 |    56 ||   103
Block: Shield            |    43 |    94 ||   137
